[Event "*** Titled Tuesday 3|2 Blitz (Late)"]
[Site "Chess.com"]
[Date "2017.01.03"]
[Round "2"]
[White "chesstatour"]
[Black "Ar4uha"]
[Result "0-1"]
[WhiteElo "1798"]
[BlackElo "1216"]
[TimeControl "180+2"]
[EndTime "17:21:40 PST"]
[Termination "Ar4uha won by resignation"]

1. d4 f6 2. c4 g6 3. Nc3 Bg7 4. e4 d6 5. h4 e5 6. d5 h5 7. Bd3 Ne7 8. Be3 Na6 9. Qd2 Nc5 10.
Bc2 a5 11. Nge2 b6 12. Nc1 a4 13. Nd3 Ba6 14. Nxc5 bxc5 15. Bxa4+ Kf7 16. Bb5 f5 17.
Bg5 f4 18. g3 fxg3 19. fxg3 Kg8 20. O-O Bxb5 21. cxb5 Qd7 22. Rf3 Rf8 23. Raf1 Nc8 24.
a4 Rh7 25. a5 Rh8 26. Qf2 Kh7 27. Rf7 Qh3 28. Qg2 Qg4 29. Rxc7 Rxf1+ 30. Kxf1 Rf8+ 31. Kg1 Rf3 32. Ne2 Rb3 33. Bf6 Rxb2 34. Rxg7+ Kh6 35. Rg8 g5 36. Rxg5 Qd7 37. Rg8 Qxb5 38. Bg5+ Kh7 39. Qf3 Kxg8 40. Qf6 Rb1+ 41. Kf2 Qd7 42. Qg6+ Qg7 43. Qe8+ Qf8+ 44. Qxf8+ Kxf8 45. g4 hxg4 46. h5 Kg7 47. h6+ Kg6 48. Bd2 Rb2 49. Ke3 Ra2 50.
Kd3 Na7 51. Kc3 Nb5+ 52. Kc4 Rxd2 53. Ng3 Nc7 0-1

[Event "*** Titled Tuesday 3|2 Blitz (Late)"]
[Site "Chess.com"]
[Date "2017.01.03"]
[Round "2"]
[White "bugsbunny444"]
[Black "Assasin14"]
[Result "1/2-1/2"]
[WhiteElo "2334"]
[BlackElo "2247"]
[TimeControl "180+2"]
[EndTime "17:21:44 PST"]
[Termination "Game drawn - insufficient material"]

1. Nf3 Nf6 2. c4 c6 3. g3 d5 4. Bg2 Bf5 5. cxd5 cxd5 6. Qb3 Qb6 7. Nc3 e6 8. d3 Nbd7 9. Be3 Qxb3 10. axb3 a6 11.
O-O Be7 12. Nh4 Bg6 13. Rfc1 O-O 14. Nxg6 hxg6 15. Na4 Rfc8 16. Bb6 Kf8 17. e4 dxe4 18. dxe4 e5 19. Bh3 Ke8 20. Kg2 Nxe4 21. Rxc8+ Rxc8 22. Rd1 f5 23. g4 Nxb6 24. Nxb6 Rc2 25. gxf5 Nxf2 26. Rd5 Nd3+ 27. Kg3 Nf4 28. Rxe5 Nxh3 29.
Kxh3 Kf7 30. fxg6+ Kf6 31. Re3 Bd6 32. Nd5+ Kxg6 33. Re6+ Kf7 34. Rxd6 Rd2 35. Rd7+ Ke6 36. Rxb7 Rxd5 37. Rb6+ Rd6 38. Rxd6+ Kxd6 39. Kg4 Ke6 40. Kg5 Kf7 41. b4 g6 42. Kh6 Kf6 43. h4 Kf7 44.
Kh7 Kf6 45. Kh6 Kf7 46. Kh7 Kf6 47. Kg8 Kf5 48. Kf7 Kg4 49. Kxg6 Kxh4 50. Kf6 Kg4 51. Ke6 Kf4 52. Kd6 Ke4 53. Kc6 Kd4 54. Kb6 Kc4 55. Ka5 Kb3 56. Kxa6 Kxb4 57. Kb6 Kb3 58. Kc5 Kxb2 1/2-1/2

[Event "*** Titled Tuesday 3|2 Blitz (Late)"]
[Site "Chess.com"]
[Date "2017.01.03"]
[Round "2"]
[White "Goala"]
[Black "BCNUM8"]
[Result "1-0"]
[WhiteElo "2178"]
[BlackElo "2139"]
[TimeControl "180+2"]
[EndTime "17:21:44 PST"]
[Termination "Goala won by resignation"]

1. d4 Nc6 2. g3 e5 3. dxe5 Nxe5 4.
Bg2 Nf6 5. Nf3 Nxf3+ 6. Bxf3 d5 7. O-O Bh3 8. Re1 c6 9. Nd2 Be7 10. e4 dxe4 11. Nxe4 Nxe4 12. Bxe4 Qxd1 13. Rxd1 Bf6 14. c3 O-O 15. Be3 Rfe8 16. Bf3 a5 17. Rd2 Be6 18.
a3 Bb3 19. Bb6 Ra6 20. Be3 Rd8 21. Rxd8+ Bxd8 22. Re1 Bf6 23. Bd4 Be6 24. Bxf6 gxf6 25. Rd1 Ra8 26. Rd4 Kf8 27. Rh4 Bf5 28. Rd4 Ke7 29. Be4 Bg6 30. f4 Rd8 31. Rxd8 Kxd8 32. Bf3 Kc7 33. Kf2 Kd6 34. Ke3 Kc5 35. Bg4 f5 36. Be2 a4 37. Bd3 b5 38. h4 h6 39. Be2 f6 40. Bd3 Kd5 41. g4 Ke6 42. Kd4 h5 43. gxh5 Bxh5 44. Kc5 Bf3 45. c4 bxc4 46.
Bxc4+ Kd7 47. Bd3 Be4 48. Be2 Bc2 49. h5 Ke7 50. Kxc6 Kf7 51. Kc5 Kg7 52. Kd6 Bb3 53.
Ke7 Bd5 54. Bd1 Bc6 55. Kd6 Bb5 56. Ke6 Bd3 57. Bxa4 Kh6 58. Bd1 Bc4+ 59. Kxf6 1-0

[Event "*** Titled Tuesday 3|2 Blitz (Late)"]
[Site "Chess.com"]
[Date "2017.01.03"]
[Round "2"]
[White "HouseOfDurin"]
[Black "Ksenia_Legenko"]
[Result "0-1"]
[WhiteElo "1839"]
[BlackElo "2067"]
[TimeControl "180+2"]
[EndTime "17:21:47 PST"]
[Termination "Ksenia_Legenko won by resignation"]

1. c4 e6 2. e4 d5 3. exd5 exd5 4.
cxd5 Nf6 5. Nc3 Nxd5 6. d4 Be7 7.
Bc4 Nf6 8. Bf4 O-O 9. Nge2 a6 10. a4 Bd6 11. O-O Bxf4 12. Nxf4 b6 13. Qf3 Ra7 14.
d5 Nbd7 15. Rfe1 Bb7 16. h3 Nc5 17. b4 Ncd7 18. Rad1 Re8 19. Rxe8+ Qxe8 20. Qg3 Ne5 21. Bb3 Ra8 22. Qe3 Ned7 23. Qd4 Qe5 24. Qc4 Rf8 25. Rd3 a5 26. bxa5 bxa5 27. Rg3 Qd6 28. Kh2 Ba6 29. Qd4 Ne5 30. Nb5 Bxb5 31. axb5 Rb8 32. Bc4 Nxc4 33. Qxc4 Qe5 34. Nd3 Qd6 35. Qc6 Ne4 36. Qxd6 Nxd6 37. Ne5 Rxb5 38. Rc3 Rb7 39. Ra3 Ra7 40.
Nc6 Ra6 41. Nb8 Ra8 42. Nc6 a4 43. Nd4 Nc4 44. Ra2 a3 45. Nb5 Kf8 46. Nxc7 Ra5 47. Kg3 Ke7 48. Kf3 Kd6 49. Rc2 a2 50. Ne8+ Kd7 51.
Nxg7 a1=Q 52. Rxc4 Qxg7 53. Re4 Rxd5 54. Re3 Qf6+ 55. Ke2 0-1

[Event "*** Titled Tuesday 3|2 Blitz (Late)"]
[Site "Chess.com"]
[Date "2017.01.03"]
[Round "2"]
[White "GianmarcoVaR"]
[Black "Alexander_Moskalenko"]
[Result "0-1"]
[WhiteElo "2391"]
[BlackElo "2683"]
[TimeControl "180+2"]
[EndTime "17:22:06 PST"]
[Termination "Alexander_Moskalenko won by resignation"]

1. d4 e6 2. Nf3 f5 3. c4 Nf6 4. g3 Bb4+ 5. Bd2 a5 6. Bg2 b6 7. Ne5 Ra7 8. O-O Bxd2 9. Qxd2 O-O 10. Nc3 Bb7 11. d5 d6 12. Nf3 e5 13. Ng5 Bc8 14. f4 e4 15. Nh3 Bd7 16. Nf2 Na6 17. Nfd1 Nc5 18. b3 Kh8 19. Ne3 Qe7 20. Rab1 g6 21. Ncd1 h5 22. h4 Kh7 23. Bh3 b5 24.
cxb5 Bxb5 25. Nc3 Re8 26. Nxb5 Rb7 27. Nd4 Qd7 28. Qxa5 Reb8 29. Rfc1 Rb6 30. Rxc5 dxc5 31. Qxc5 Nxd5 32. Nxd5 Rd6 33. Qxc7 Qxc7 34. Nxc7 Rxd4 35. Ne6 Rd2 36. Kf2 Rxa2 37. Nd4 Rb4 38. Ke3 Ra3 39. Bf1 Kh6 40. Rb2 Kh7 41. Bg2 Kh6 42. Rd2 Kh7 43. Kf2 Rb6 44. Bf1 Ra1 45. e3 Rb1 46.
Be2 Rb7 47. Bc4 Ra7 48. b4 Raa1 49. Nc2 Ra4 50. Bb5 Ra2 51. Bc4 Rab2 52. b5 Rc1 53. Be2 Rcxc2 54. Rxc2 Rxc2 55. Ke1 Kg7 56. Kd1 Rb2 57.
Ke1 Kf6 58. Kd1 Ke7 59. Ke1 Kd6 60. Kd1 Kc5 61. Ke1 Kb4 62. Kd1 Kc3 63. Ke1 Rb4 64.
Kf1 Kd2 65. Kf2 Rb2 66. Bc4 Kc3+ 67. Be2 Ra2 68. Kf1 Kd2 69. Kf2 Ra3 70. Bc4 Rxe3 71. b6 Re1 72. b7 Rb1 73. Bf7 e3+ 74. Kf3 e2 0-1

[Event "*** Titled Tuesday 3|2 Blitz (Late)"]
[Site "Chess.com"]
[Date "2017.01.03"]
[Round "2"]
[White "Shivagami"]
[Black "ChristopherYoo"]
[Result "0-1"]
[WhiteElo "2036"]
[BlackElo "2063"]
[TimeControl "180+2"]
[EndTime "17:22:34 PST"]
[Termination "ChristopherYoo won by resignation"]

1. e4 e5 2. Nc3 Nf6 3. Bc4 Bc5 4. d3 Nc6 5. f4 d6 6. Nf3 Bg4 7. h3 Bxf3 8. Qxf3 Nd4 9. Qg3 Nxc2+ 10. Kd1 Nxa1 11. Qxg7 Rf8 12. fxe5 dxe5 13. Rf1 Be7 14. Bg5 Qd6 15. Bxf6 O-O-O 16. Bxe5 Qc5 17. Nd5 b5 18. Nxe7+ Qxe7 19. Bd5 Rg8 20. Qxf7 Qxe5 21. Qe6+ Qxe6 22. Bxe6+ Kb7 23. Bxg8 Rxg8 24. g4 c5 25. Kd2 Rd8 26. Kc3 b4+ 27. Kc4 Kc6 28. Rxa1 Rd4+ 29. Kb3 Rxd3+ 30. Kc2 Rxh3 31. Rf1 Re3 32. Rf6+ Kb5 33. Re6 a5 34. Re8 Kc4 35. b3+ Kd4 36. Rh8 Rxe4 37. Rxh7 Rxg4 38. Rd7+ Ke5 39. Rc7 Kd6 40. Rh7 Rg2+ 41.
Kb1 Kd5 42. Rh5+ Kc6 43. Rh6+ Kb5 44. Rh5 Rg4 45. Rf5 Re4 46. Kc2 Re2+ 47. Kb1 Kc6 48.
Rf6+ Kd5 49. Rf5+ Kd4 50. Rh5 Re3 51. Rh4+ Kd3 52. Rh5 Re1+ 53. Kb2 Re2+ 54. Kb1 c4 55. Rh3+ Re3 56. Rxe3+ Kxe3 57. bxc4 Kd4 58. Kb2 Kxc4 59. Kc2 a4 60. Kb2 Kd3 61. Kb1 Kc3 62. Kc1 b3 63. axb3 axb3 64. Kb1 b2 65. Ka2 Kc2 0-1

[Event "*** Titled Tuesday 3|2 Blitz (Late)"]
[Site "Chess.com"]
[Date "2017.01.03"]
[Round "2"]
[White "GGuseinov"]
[Black "simplerXiao"]
[Result "0-1"]
[WhiteElo "2517"]
[BlackElo "2371"]
[TimeControl "180+2"]
[EndTime "17:22:36 PST"]
[Termination "simplerXiao won on time"]

1. e4 e5 2. Nf3 Nc6 3. Bb5 Nge7 4. Nc3 g6 5. d4 Bg7 6. d5 Nd4 7. Nxd4 exd4 8. Ne2 c6 9. Bc4 cxd5 10. exd5 Qa5+ 11.
Bd2 Qc5 12. Bb3 Nxd5 13. O-O O-O 14. Ng3 Nf6 15. a3 a5 16. Qf3 d5 17. a4 Bg4 18. Qd3 Rfe8 19. Rfe1 h5 20. h3 Be6 21.
Bg5 Nh7 22. Bf4 h4 23. Nf1 Bf5 24. Qd2 Nf6 25. Rxe8+ Rxe8 26. Re1 Ne4 27. Qe2 Re6 28. Qb5 Qxb5 29. axb5 Nc5 30. Rxe6 fxe6 31. Nd2 d3 32. c3 Nxb3 33. Nxb3 a4 34. Nc5 a3 35. bxa3 Bxc3 36. Nxb7 d2 37. Bxd2 Bxd2 38. a4 d4 39. a5 Be4 40.
Nc5 Bd5 41. a6 Bb4 42. Nd7 Kf7 43. b6 Ke7 44. b7 Bd6 45. Nb6 Bb8 46. Nc8+ Kd8 47. a7 Bxa7 48. Nxa7 Bxb7 49. Nb5 e5 50. f3 Ke7 51. Kf2 Ba6 52. Na3 Kd6 53. Nb1 Bd3 54. Nd2 Kd5 55. g3 g5 56. gxh4 gxh4 57. Kg2 Bf5 0-1

[Event "*** Titled Tuesday 3|2 Blitz (Late)"]
[Site "Chess.com"]
[Date "2017.01.03"]
[Round "2"]
[White "Anton_Demchenko"]
[Black "yian123"]
[Result "1-0"]
[WhiteElo "2653"]
[BlackElo "2381"]
[TimeControl "180+2"]
[EndTime "17:22:47 PST"]
[Termination "Anton_Demchenko won by resignation"]

1. e4 e5 2. Nf3 Nc6 3. Bc4 Bc5 4.
d3 Nf6 5. O-O a6 6. c3 Ba7 7.
Bg5 h6 8. Bh4 d6 9. Nbd2 Qe7 10.
a4 Be6 11. b4 g5 12. Bg3 h5 13. h4 g4 14. Ne1 Qd7 15. Nc2 Ne7 16. Bxe6 Qxe6 17.
d4 Nd7 18. Re1 Qf6 19. Nc4 Rd8 20. b5 Qe6 21. N2e3 O-O 22. Qd2 Qg6 23. Na5 Rb8 24.
Rab1 exd4 25. cxd4 Nf6 26. Bf4 Nxe4 27. Qd3 axb5 28.
Rxb5 c6 29. Rxb7 Rxb7 30. Nxb7 Nd5 31. Nxd5 cxd5 32. a5 Rc8 33. Rc1 Rxc1+ 34. Bxc1 Qf6 35. Be3 g3 36. fxg3 Nxg3 37. a6 Nf5 38. Bf2 Nxd4 39. Na5 Nc6 40. Bxa7 Nxa7 41. Nb3 Nc6 42. Qxd5 Qxh4 43.
Kf1 Qf4+ 44. Ke2 Qe5+ 45. Qxe5 dxe5 46. Na5 Na7 47. Nc4 f6 48. Ke3 Kf7 49. Ke4 Ke6 50.
Ne3 Nc6 51. Nf5 Na7 52. Ng7+ Kf7 53. Nxh5 Ke6 54. g4 Nb5 55. Ng7+ Kd6 56. Kf5 Kc6 57. Kxf6 e4 58. Nf5 Kb6 59. g5 Nc7 60. g6 Kxa6 61.
Kf7 e3 62. Nxe3 Nb5 63. Nf5 1-0

[Event "*** Titled Tuesday 3|2 Blitz (Late)"]
[Site "Chess.com"]
[Date "2017.01.03"]
[Round "2"]
[White "aspired"]
[Black "Kacparov"]
[Result "1-0"]
[WhiteElo "2457"]
[BlackElo "2584"]
[TimeControl "180+2"]
[EndTime "17:23:16 PST"]
[Termination "aspired won by checkmate"]

1. d4 d6 2. e4 Nf6 3. Nc3 Nc6 4.
Be3 e5 5. d5 Ne7 6. Be2 g6 7.
Qd2 h5 8. O-O-O Bg7 9. Kb1 a6 10. f3 h4 11. Bg5 Nd7 12. Nh3 f6 13. Be3 g5 14. Nf2 Ng6 15. g3 Kf7 16. Nd3 Nb6 17.
b3 Bd7 18. f4 Bh6 19. f5 Nf8 20. gxh4 Nh7 21. Rdg1 Ke7 22. Bh5 Qf8 23. Bg6 Be8 24.
Bxh7 Rxh7 25. hxg5 Bg7 26. g6 Rh5 27. Ne2 Qh8 28. Ng3 Rh4 29. Ne1 Nd7 30. Nf3 Rh3 31. Qg2 a5 32. a4 b6 33. Ne2 Nf8 34. Qf2 Ra6 35. Rg3 Rh5 36. h4 b5 37. axb5 Bxb5 38.
Nc3 Be8 39. Qe2 Ra8 40. Qc4 Rc8 41. Rgh3 Bd7 42. R3h2 Be8 43. Ng1 Nd7 44. Nge2 Qg8 45. Ng3 Rh8 46. h5 Bh6 47. Bxh6 Rxh6 48. Nge2 Nc5 49.
Kb2 Rb8 50. Nc1 Rb4 51. Qe2 a4 52. N1a2 Rb7 53. b4 a3+ 54. Kxa3 Bd7 55. Kb2 Kf8 56.
Ka1 Kg7 57. bxc5 dxc5 58. Rb1 Ra7 59. Qe3 Ra5 60. Rb7 Qc8 61. Rb2 Qa6 62. Rh1 Qc4 63.
Qd3 Qd4 64. Qxd4 exd4 65. Ne2 Rh8 66. Nf4 Kh6 67. Ne6 Rha8 68. Nxc7 R8a7 69. Ne6 c4 70. g7 Ra8 71. Rg1 Bxe6 72. fxe6 c3 73. g8=Q cxb2+ 74. Kxb2 Rxa2+ 75. Kb3 R2a3+ 76. Kc4 R3a4+ 77. Kc5 R8a5+ 78. Kd6 Ra6+ 79. Ke7 Ra7+ 80. Kxf6 Rf7+ 81. Qxf7 Ra7 82. Qg6# 1-0

[Event "*** Titled Tuesday 3|2 Blitz (Late)"]
[Site "Chess.com"]
[Date "2017.01.03"]
[Round "2"]
[White "Iball95"]
[Black "Kawhi_Leonard2"]
[Result "1-0"]
[WhiteElo "2453"]
[BlackElo "2205"]
[TimeControl "180+2"]
[EndTime "17:23:39 PST"]
[Termination "Iball95 won by resignation"]

1. e4 c5 2. Nf3 d6 3. Bb5+ Nd7 4.
d4 cxd4 5. Qxd4 e5 6. Qd3 h6 7. c4 Nf6 8. O-O Be7 9. Nc3 O-O 10. Rd1 Nc5 11. Qe2 a6 12. Ba4 Nxa4 13. Nxa4 b5 14. cxb5 axb5 15. Nc5 Qc7 16. Nd3 Bb7 17. Nd2 d5 18.
exd5 Bxd5 19. Qxe5 Bd6 20. Qf5 Bxh2+ 21. Kh1 Bd6 22.
Nf3 Be4 23. Qh3 Rfd8 24. Be3 Qc2 25. Rac1 Qa4 26. Nd4 Bf8 27. Ne5 Qxa2 28. f3 Bd5 29. Nxb5 Be6 30. Qg3 Rxd1+ 31. Rxd1 Qxb2 32. Nc7 Ra1 33. Rxa1 Qxa1+ 34. Kh2 Qa5 35. Nxe6 fxe6 36. f4 Nh5 37.
Qg4 Nf6 38. Qxe6+ Kh7 39. Qf5+ Kg8 40. Qe6+ Kh7 41. Bd4 Qd8 42. Qf5+ Kg8 43. Bb2 Qd2 44. Qe6+ Kh7 45. Qf5+ Kg8 46. Ba1 Qc1 47. Bd4 Qd2 48.
Nf3 Qd1 49. Bxf6 gxf6 50. Qxf6 Qd6 51. Qf5 Be7 52. Ne5 Qf6 53. Qg4+ Kh7 54. g3 Bd6 55. Qd7+ Kg8 56. Qc8+ Bf8 57. Qc4+ Kg7 58. Kg2 Qf5 59. Qc7+ Kg8 60. Qc4+ Kg7 61. Qc3 Kg8 62. Qb3+ Kg7 63. Kf3 Bd6 64. Qd5 Be7 65. Qe4 Qxe4+ 66. Kxe4 h5 67.
Nf3 Kh6 68. Kf5 Bb4 69. Ng5 Be1 70. Ne4 Ba5 71. Ke6 Be1 72. f5 Kg7 73. f6+ Kf8 74. f7 Bxg3 75. Nxg3 h4 76. Nf5 h3 77. Ne7 h2 78. Ng6+ Kg7 79. f8=Q+ Kxg6 80. Qf1 1-0

[Event "*** Titled Tuesday 3|2 Blitz (Late)"]
[Site "Chess.com"]
[Date "2017.01.03"]
[Round "2"]
[White "severomorskij"]
[Black "Fh2411"]
[Result "0-1"]
[WhiteElo "2594"]
[BlackElo "2390"]
[TimeControl "180+2"]
[EndTime "17:24:36 PST"]
[Termination "Fh2411 won by checkmate"]

1. d4 Nf6 2. c4 e6 3. Nc3 d5 4. cxd5 exd5 5. Bg5 c6 6. e3 Bf5 7. Qf3 Bg6 8. Bxf6 Qxf6 9. Qxf6 gxf6 10. Nf3 Nd7 11. Nh4 Be7 12. Ne2 Nb6 13. Ng3 Nc4 14. Bxc4 dxc4 15. Nhf5 Bb4+ 16. Ke2 Kd7 17. h4 h5 18. e4 Rhe8 19. f3 b5 20. Ne3 a5 21.
Ngf5 a4 22. a3 Ba5 23. Rad1 Bc7 24. Kf2 Bb6 25. Rhe1 Rad8 26. g4 Kc7 27. gxh5 Bxh5 28. Ng7 Rh8 29. Nxh5 Rxh5 30. Nf5 Ba5 31. Re3 Kb7 32. Kg3 Rg8+ 33. Kh3 Bc7 34. d5 Rxf5 35. d6 Rh5 36. dxc7 Kxc7 37. Rh1 Kd6 38. f4 f5 39.
exf5 Rxf5 40. Rg3 Rh8 41. Kg4 Rhh5 42. Re3 Kc5 43. Re5+ Rxe5 44. fxe5 Rxe5 45. h5 Re8 46. h6 Rh8 47. Kf5 b4 48. axb4+ Kxb4 49. Rh3 c3 50.
bxc3+ Kc4 51. Kf6 a3 52. Kg7 Ra8 53. h7 a2 54. Rh1 Kxc3 55. Kxf7 Kb2 56. Rh2+ Kb3 57.
Rh3+ Kb4 58. Rh1 c5 59. Ke6 Rh8 60. Kd5 Rxh7 61. Rxh7 a1=Q 62. Rb7+ Kc3 63. Kxc5 Qa5+ 64. Kc6 Kc4 65. Rd7 Qa6+ 66. Kc7 Kc5 67. Kd8 Qf6+ 68. Ke8 Qg6+ 69. Ke7 Qf5 70. Rc7+ Kd5 71. Rd7+ Ke5 72. Kd8 Ke6 73. Kc8 Qf8+ 74. Rd8 Qe7 75. Rd1 Qc5+ 76. Kd8 Qg5+ 77. Kc8 Qc5+ 78. Kd8 Qa5+ 79. Kc8 Qc3+ 80.
Kd8 Qb4 81. Kc8 Qc4+ 82. Kd8 Qh4+ 83. Kc8 Qg4 84. Rd7 Qc4+ 85. Kd8 Qb5 86. Rd1 Qb8# 0-1

[Event "*** Titled Tuesday 3|2 Blitz (Late)"]
[Site "Chess.com"]
[Date "2017.01.03"]
[Round "3"]
[White "wonderfultime"]
[Black "AllStarShark"]
[Result "1/2-1/2"]
[WhiteElo "2636"]
[BlackElo "2218"]
[TimeControl "180+2"]
[EndTime "17:27:35 PST"]
[Termination "Game drawn by agreement"]

1. d4 d5 2. c4 dxc4 3. e4 Nc6 4. Nf3 Nf6 5. Nc3 Bg4 6. d5 Ne5 7. Bf4 Nfd7 8. Be2 Bxf3 9. gxf3 g6 10. Be3 Bg7 11.
f4 Nd3+ 12. Bxd3 cxd3 13. Qxd3 O-O 14. O-O Nb6 15. a4 Qd7 16. a5 Qg4+ 17. Kh1 Qf3+ 18. Kg1 Qg4+ 19. Kh1 Qf3+ 20. Kg1 1/2-1/2

[Event "*** Titled Tuesday 3|2 Blitz (Late)"]
[Site "Chess.com"]
[Date "2017.01.03"]
[Round "3"]
[White "josiwales"]
[Black "Shivagami"]
[Result "0-1"]
[WhiteElo "2239"]
[BlackElo "2067"]
[TimeControl "180+2"]
[EndTime "17:28:03 PST"]
[Termination "Shivagami won by resignation"]

1. e4 Nc6 2. Nf3 d6 3. Nc3 Nf6 4. d4 Bg4 5. Be3 e5 6. d5 Ne7 7. h3 Bd7 8. g4 Ng6 9. Bg2 Be7 10. O-O O-O 11. Qd2 h5 12. g5 Nh7 13. h4 Bg4 14. Ne2 Qd7 15. Ng3 Bxf3 16. Bxf3 Nxh4 17. Bxh5 g6 18. Be2 Qh3 0-1

[Event "*** Titled Tuesday 3|2 Blitz (Late)"]
[Site "Chess.com"]
[Date "2017.01.03"]
[Round "3"]
[White "Assasin14"]
[Black "Caminator2000"]
[Result "0-1"]
[WhiteElo "2235"]
[BlackElo "2210"]
[TimeControl "180+2"]
[EndTime "17:29:23 PST"]
[Termination "Caminator2000 won by resignation"]

1. d4 Nf6 2. Bf4 e6 3. e3 d5 4. c4 Bb4+ 5. Nc3 O-O 6. Nf3 b6 7. Bd3 Ba6 8. Qb3 Bxc3+ 9. bxc3 Nc6 10. Ne5 Na5 11. Qa4 dxc4 12. Nxc4 Qd5 13. Ne5 Bxd3 14. Nxd3 Qxg2 15. Ke2 Ne4 16. Qc2 Qg4+ 17. Kf1 Nc4 18. Rg1 Ned2+ 0-1

[Event "*** Titled Tuesday 3|2 Blitz (Late)"]
[Site "Chess.com"]
[Date "2017.01.03"]
[Round "3"]
[White "AungTZ"]
[Black "sandromareco"]
[Result "0-1"]
[WhiteElo "2135"]
[BlackElo "2460"]
[TimeControl "180+2"]
[EndTime "17:29:47 PST"]
[Termination "sandromareco won by resignation"]

1. e4 c5 2. Nf3 e6 3. d4 cxd4 4.
Nxd4 a6 5. Nc3 Qc7 6. Be3 d6 7.
Bd3 b5 8. O-O Bb7 9. a3 Nf6 10. f3 Be7 11. Qe2 Nbd7 12. Kh1 O-O 13. Rad1 Rfe8 14. f4 Nb6 15. Bg1 Nc4 16. Ndxb5 axb5 17. Nxb5 Qc6 18. Bxc4 Nxe4 19. Bd3 d5 20. Nd4 Qc7 21.
f5 Bf6 22. fxe6 fxe6 23. Bxe4 dxe4 24. c3 Bd5 25. Be3 Bc4 26. Qg4 Bxf1 27. Rxf1 Kh8 28.
h3 Rab8 29. Rf2 Qc4 30. Qxe4 e5 31. b3 Qxc3 32. Nf5 Qxb3 33. Nd6 Qd1+ 34. Kh2 Qxd6 0-1

[Event "*** Titled Tuesday 3|2 Blitz (Late)"]
[Site "Chess.com"]
[Date "2017.01.03"]
[Round "3"]
[White "Kacparov"]
[Black "andresgv36"]
[Result "1-0"]
[WhiteElo "2588"]
[BlackElo "2283"]
[TimeControl "180+2"]
[EndTime "17:30:15 PST"]
[Termination "Kacparov won by resignation"]

1. e4 c5 2. Nf3 Nc6 3. Nc3 e6 4. d4 cxd4 5. Nxd4 Qc7 6. Be2 Nf6 7. O-O Be7 8. Be3 O-O 9. f4 d6 10. Kh1 Nxd4 11. Qxd4 b6 12. Bf3 Ba6 13. Rf2 e5 14.
Qd2 Rfe8 15. f5 Bb7 16. g4 d5 17. exd5 Bb4 18. g5 Bxc3 19. bxc3 Nxd5 20. Bxd5 Rad8 21.
c4 Qxc4 22. Bxb7 Rxd2 23. Rxd2 e4 24. g6 Qc3 25. gxf7+ Kxf7 26. Re1 Qe5 27. Bd5+ Ke7 28. Be6 Rd8 29. Bg5+ 1-0

[Event "*** Titled Tuesday 3|2 Blitz (Late)"]
[Site "Chess.com"]
[Date "2017.01.03"]
[Round "3"]
[White "afgano29"]
[Black "Tonychess32"]
[Result "0-1"]
[WhiteElo "2404"]
[BlackElo "2422"]
[TimeControl "180+2"]
[EndTime "17:30:16 PST"]
[Termination "Tonychess32 won by checkmate"]

1. e4 e5 2. Nf3 Nc6 3. d4 exd4 4.
Nxd4 Bc5 5. Nb3 Bb6 6. Nc3 Nf6 7. Qe2 O-O 8. Bg5 h6 9. Bh4 Re8 10. O-O-O a5 11. Bxf6 Qxf6 12. Nd5 Qg6 13. Nxb6 cxb6 14.
f3 a4 15. Nd4 a3 16. b3 Qf6 17. Qf2 Nb4 18. Kb1 d5 19. c3 Na6 20. exd5 Nc7 21.
c4 b5 22. Nxb5 Nxb5 23. cxb5 Bf5+ 24. Bd3 Rac8 25. g4 Bg6 26. f4 Rc1+ 27. Rxc1 Bxd3+ 28. Rc2 Qb2# 0-1

[Event "*** Titled Tuesday 3|2 Blitz (Late)"]
[Site "Chess.com"]
[Date "2017.01.03"]
[Round "3"]
[White "Elshan1985"]
[Black "nickmatta"]
[Result "1-0"]
[WhiteElo "2590"]
[BlackElo "2344"]
[TimeControl "180+2"]
[EndTime "17:30:49 PST"]
[Termination "Elshan1985 won on time"]

1. e4 e5 2. Nf3 Nc6 3. Bb5 Bc5 4. c3 f5 5. d4 fxe4 6. Nxe5 Nf6 7. Bxc6 bxc6 8. dxc5 Qe7 9. Qd4 Ba6 10.
Bg5 O-O 11. Nd2 h6 12. Bh4 Qe6 13. Bxf6 Rxf6 14. Nec4 Rf5 15. b3 Bxc4 16. bxc4 e3 17.
fxe3 Re8 18. e4 Rg5 19. O-O Qg4 20. Rf2 Kh7 21. Re1 Rf8 22. e5 1-0

[Event "*** Titled Tuesday 3|2 Blitz (Late)"]
[Site "Chess.com"]
[Date "2017.01.03"]
[Round "3"]
[White "MrReinberg"]
[Black "lrj2011"]
[Result "1-0"]
[WhiteElo "2223"]
[BlackElo "2282"]
[TimeControl "180+2"]
[EndTime "17:31:02 PST"]
[Termination "MrReinberg won by checkmate"]

1. e4 d5 2. exd5 Nf6 3. d4 Bg4 4. f3 Bf5 5. c4 e6 6. Nc3 exd5 7. g4 Be6 8. g5 Ng8 9. f4 Nc6 10. Nge2 h6 11. Bg2 Nge7 12. O-O Qd7 13. cxd5 Nxd5 14. f5 Nxc3 15. fxe6 Nxe2+ 16. Qxe2 Qxe6 17. Qb5 O-O-O 18. d5 Qe5 19. Bf4 Qd4+ 20. Kh1 Nb8 21. Bh3+ Nd7 22.
Rac1 Bc5 23. Qxc5 Qxc5 24. Rxc5 hxg5 25. Rxc7+ Kb8 26. Rxd7+ Kc8 27. Rc7+ Kb8 28. Rc8# 1-0

[Event "*** Titled Tuesday 3|2 Blitz (Late)"]
[Site "Chess.com"]
[Date "2017.01.03"]
[Round "3"]
[White "Alexander_Moskalenko"]
[Black "FastChance"]
[Result "1-0"]
[WhiteElo "2687"]
[BlackElo "2494"]
[TimeControl "180+2"]
[EndTime "17:31:11 PST"]
[Termination "Alexander_Moskalenko won by resignation"]

1. d4 e6 2. e4 d5 3. Nd2 a6 4. Ngf3 Nf6 5. e5 Nfd7 6. Bd3 c5 7.
c3 Nc6 8. O-O g5 9. Nb3 h6 10.
dxc5 Nxc5 11. Nxc5 Bxc5 12. h3 f5 13. b4 Bb6 14. a4 O-O 15. Qe2 Bd7 16. Be3 Be8 17.
a5 Bxe3 18. Qxe3 Bg6 19. Nd4 Nxd4 20. cxd4 Qe7 21. f4 Kg7 22. Rfc1 Rac8 23. Rc5 Rc7 24. g3 Rfc8 25. Kh2 gxf4 26. gxf4 Kh7 27. Be2 Qh4 28. Qg3 Qxg3+ 29. Kxg3 Be8 30. Kf2 Rxc5 31. bxc5 Bc6 32. Bh5 Rc7 33. Rb1 Bb5 34. Be2 Bc6 35. Bd1 Kg7 36.
Rb4 Kh7 37. Ba4 Bxa4 38. Rxa4 Kg7 39. Rb4 Kf7 40. Rb6 Ke7 41. Kg3 Kf7 42. Kh4 Re7 43. Kh5 Kg7 44. Rd6 Kh7 45. c6 bxc6 46. Rxc6 Kg7 47.
Rxa6 Kh7 48. Rb6 Kg7 49. a6 1-0

[Event "*** Titled Tuesday 3|2 Blitz (Late)"]
[Site "Chess.com"]
[Date "2017.01.03"]
[Round "3"]
[White "iturrizaga"]
[Black "aspired"]
[Result "1-0"]
[WhiteElo "2692"]
[BlackElo "2452"]
[TimeControl "180+2"]
[EndTime "17:31:13 PST"]
[Termination "iturrizaga won by checkmate"]

1. Nf3 Nf6 2. c4 c5 3. Nc3 Nc6 4. d4 cxd4 5. Nxd4 e6 6. a3 Be7 7.
e4 O-O 8. Nf3 b6 9. Bf4 Bb7 10.
Be2 Rc8 11. O-O d6 12. Rc1 Nb8 13. Bd3 d5 14. cxd5 exd5 15. e5 Ne4 16. Nd4 Bg5 17. Bxg5 Qxg5 18. f4 Qe7 19. Bxe4 dxe4 20. Nf5 Qe6 21. Nd6 Rcd8 22. Ncb5 f6 23. Nd4 Qd5 24. N4f5 Qxd1 25. Rfxd1 fxe5 26. Ne7+ Kh8 27. Nf7+ Rxf7 28. Rxd8+ Rf8 29. Rxf8# 1-0

[Event "*** Titled Tuesday 3|2 Blitz (Late)"]
[Site "Chess.com"]
[Date "2017.01.03"]
[Round "3"]
[White "Rating-Schmating"]
[Black "StegariuVlad"]
[Result "1/2-1/2"]
[WhiteElo "2282"]
[BlackElo "2443"]
[TimeControl "180+2"]
[EndTime "17:31:17 PST"]
[Termination "Game drawn by repetition"]

1. e4 c5 2. Nf3 e6 3. d4 cxd4 4. Nxd4 a6 5. c4 Qc7 6. Nc3 Bb4 7.
Bd3 Nc6 8. Be3 Nf6 9. Nxc6 dxc6 10. O-O e5 11. a3 Be7 12. f3 a5 13. Qe2 Nd7 14. Bc2 Bc5 15. Rfd1 Bxe3+ 16. Qxe3 O-O 17. b4 axb4 18. axb4 Rxa1 19. Rxa1 Re8 20. c5 Nf8 21. Bb3 Be6 22. Bxe6 Nxe6 23. Ne2 Rd8 24. Kf2 Qd7 25. Qc3 Qc7 26. Ra2 Nd4 27. Rd2 Nxe2 28. Rxd8+ Qxd8 29. Kxe2 f6 30. Qc4+ Kf8 31. b5 cxb5 32. Qxb5 Qc7 33. Qb4 Qc6 34. Qa5 Ke7 35. Kf2 Kd7 36. Ke3 Qe6 37.
Qb5+ Kc7 38. Qa5+ Kd7 39. Qb5+ Qc6 40. Qb4 Qa6 41. Qd2+ Kc7 42. Kf2 Qc6 43. Qb4 Qe6 44. Qa5+ Kd7 45. Qb5+ Qc6 46. Qb4 Qa6 47. Qd2+ Kc7 48.
Kg3 Qc6 49. Qb4 Kd7 50. Qd2+ Ke7 51. Qa5 Qd7 52. Qb6 Kf7 53. h4 Kg6 54. Qb4 Kh5 55. Qc3 h6 56. Qe3 g5 57. hxg5 hxg5 58. Qe2 Kg6 59. Qc4 Qh7 60. Kf2 Qh4+ 61. Ke2 Qh8 62.
Qe6 Qa8 63. Qf5+ Kg7 64. Qd7+ Kh8 65. Qh3+ Kg7 66. Qd7+ Kg6 67. Qf5+ Kf7 68. Qd7+ Kg6 69. Qf5+ Kg7 70. Qd7+ Kh6 71. Qh3+ Kg6 72. Qf5+ Kg7 73.
Qd7+ Kg8 74. Qe6+ Kg7 75. Qd7+ 1/2-1/2

[Event "*** Titled Tuesday 3|2 Blitz (Late)"]
[Site "Chess.com"]
[Date "2017.01.03"]
[Round "3"]
[White "chito89"]
[Black "yian123"]
[Result "1-0"]
[WhiteElo "2495"]
[BlackElo "2369"]
[TimeControl "180+2"]
[EndTime "17:31:31 PST"]
[Termination "chito89 won by resignation"]

1. e4 e5 2. Nf3 Nc6 3. Bb5 a6 4.
Ba4 Nf6 5. d3 d6 6. c3 g6 7. O-O Bg7 8. Re1 Bd7 9. Bg5 h6 10. Bh4 O-O 11. Nbd2 b5 12. Bb3 Na5 13. Bc2 c5 14. Nf1 g5 15. Bg3 Be6 16. Ne3 Ng4 17.
Nf1 f5 18. exf5 Bxf5 19. d4 exd4 20. cxd4 Qd7 21. Bxf5 Qxf5 22. Bxd6 Rfd8 23. dxc5 Bxb2 24. Ng3 Qf7 25. h3 Bxa1 26. Qxa1 Nf6 27. Nf5 1-0